 Dungeon Crawl Stone Soup version 0.24.0-123-gd5b16e6ec5 (webtiles) character file.

Game seed: 18028541434416718030, levelgen mode: deterministic

98 yoojung the Covered (level 4, -4/29 HPs)
             Began as a Gargoyle Fighter on Jan 13, 2020.
             Blown up by Ijyb (19 damage)
             ... with a disintegration bolt
             ... on level 3 of the Dungeon.
             The game lasted 00:01:41 (978 turns).

yoojung the Covered (Gargoyle Fighter)               Turns: 978, Time: 00:01:42

Health: -4/29      AC: 11    Str: 21    XL:     4   Next: 69%
Magic:  4/4        EV:  7    Int:  8    God:
Gold:   82         SH:  9    Dex:  9    Spells: 3/3 levels left

rFire    . . .     SeeInvis .   a - +0 war axe
rCold    . . .     Gourm    .   c - +0 shield
rNeg     + . .     Faith    .   b - +0 scale mail
rPois    ∞         Spirit   .   (no helmet)
rElec    +         Reflect  .   k - +0 cloak
rCorr    .         Harm     .   (no gloves)
MR       .....                  (no boots)
Stlth    ..........             (no amulet)
HPRegen  0.09/turn              (no ring)
MPRegen  0.09/turn              (no ring)

@: no status effects
A: negative energy resistance 1, electricity resistance, unbreathing,
petrification resistance, rot immunity, AC +3
a: no special abilities


You were on level 3 of the Dungeon.
You were not hungry.

You visited 1 branch of the dungeon, and saw 3 of its levels.

You collected 82 gold pieces.

Inventory:

Hand Weapons
 a - a +0 war axe (weapon)
Missiles
 m - 4 javelins (quivered)
Armour
 b - a +0 scale mail (worn)
 c - a +0 shield (worn)
 k - a +0 cloak (worn)
Scrolls
 e - 2 scrolls of teleportation {unknown}
 h - a scroll of fear {unknown}
 i - 6 scrolls of identify {unknown}
 j - a scroll of amnesia {unknown}
Potions
 d - a potion of might
 g - a potion of curing {unknown}
 l - a potion of agility {unknown}
 n - a potion of brilliance {unknown}
 p - a potion of mutation {unknown}
 q - a potion of ambrosia {unknown}
Comestibles
 f - 4 rations
 o - a chunk of flesh


   Skills:
 + Level 4.1 Fighting
 + Level 3.1 Axes
 + Level 4.2 Armour
 - Level 3.3 Shields


You had 3 spell levels left.
You didn't know any spells.
Your spell library was empty.

Dungeon Overview and Level Annotations

Branches:
Dungeon (3/15)

Altars:

Annotations:
D:3 Ijyb


Innate Abilities, Weirdness & Mutations

You are resistant to torment.
Your stone body is resilient. (AC +3)
You are immune to poison.
You resist negative energy. (rN+)
You are resistant to electric shocks. (rElec)
You can survive without breathing.
You are immune to petrification.
You are immune to rotting.


Message History

Terence barely misses you.
You barely miss Terence.
Terence is heavily wounded.
Ijyb shouts!
You block Terence's attack. Terence completely misses you.
You hit Terence.
Terence is severely wounded.
Ijyb screams, "Me very upset!"
Terence hits you with a +0 flail.
You slash Terence!
You kill Terence!
Your Axes skill increases to level 3!
Ijyb hits you but does no damage.
Things that are here:
a +0 flail; a +0 scale mail; the human corpse of Terence Your shield and scale mail prevent you from hitting Ijyb.
Ijyb hits you with a +0 dagger.
Ijyb zaps a wand.
You are blasted!
You closely miss Ijyb.
Ijyb zaps a wand.
You are blasted!
Ouch! That really hurt!
You die...

........###.#
#.####..###.#
#. #......#
#.
##.###.######
##.###......#
#......####.#
#..##### #.#
#..# #)# #..#
#@# #.. #g.#
##.# .# .# .#
.. .#


You could see Ijyb.

Vanquished Creatures
  Jessica (D:2)
  Terence (D:3)
  An adder (D:2)
  An ooze (D:1)
  A worm (D:3)
  A dart slug (D:1)
  A leopard gecko (D:1)
  A giant cockroach (D:2)
  4 goblins
  2 hobgoblins (D:1)
  A quokka (D:2)
  6 bats
  A frilled lizard (D:1)
  7 kobolds
  5 rats
34 creatures vanquished.

Notes
Turn   | Place    | Note
-------+----------+-------------------------------------------
     0 | D:1      | yoojung the Gargoyle Fighter began the quest for the Orb.
     0 | D:1      | Reached XP level 1. HP: 14/14 MP: 1/1
    78 | D:1      | Reached XP level 2. HP: 18/19 MP: 2/2
   528 | D:2      | Reached XP level 3. HP: 24/24 MP: 3/3
   540 | D:2      | Noticed Jessica
   553 | D:2      | Killed Jessica
   705 | D:2      | Reached XP level 4. HP: 29/29 MP: 4/4
   967 | D:3      | Noticed Terence
   972 | D:3      | Noticed Ijyb
   975 | D:3      | Killed Terence
   978 | D:3      | Blown up by Ijyb

Levels and vault maps discovered:
D:1:      lemuel_arrival_lava_pool, layout_basic, minmay_cupped
D:2:      layout_rooms, uniq_jessica
D:3:      layout_loops_ring, nicolae_overflow_hidden_temple, uniq_ijyb,
          uniq_terence, uniq_robin

Skill      XL: |  1  2  3  4 |
---------------+-------------+-----
Axes           | 2 3 |  3.1
Armour         | 4 |  4.2
Fighting       | 4 |  4.1
Shields        | |  3.3

Action                   |  1- 3 |  4- 6 || total
-------------------------+-------+-------++-------
Melee: War axe           |    65 |    30 ||    95
Armor: Scale mail        |    50 |    11 ||    61
Dodge: Dodged            |    36 |    10 ||    46
Block: Shield            |    47 |    15 ||    62
